 Dungeon Sprint DCSS version 0.30-a0-800-g7c544603b3 (webtiles) character file.

Game seed: 4759487224805382745

9900000 BigDaddyOpFi the Intangible (level 27, -7/208 HPs)
             Began as a Djinni Warper on Feb 22, 2023.
             Was the Champion of Makhleb.
             Mangled by a meat berserker
             ... wielding a +9 battleaxe
              (51 damage)
             ... in the Dungeon (Sprint VIII: "Arena of Blood").
             The game lasted 00:03:29 (99 turns).

BigDaddyOpFi the Intangible (Djinni Warper)           Turns: 99, Time: 00:03:29

Health: -7/208     AC:  6    Str: 10    XL:     27
Gold:   0          EV: 34    Int: 19    God:    Makhleb [******] SH:  0 Dex: 23

rFire   + + .      SeeInvis .    h - +∞ Axe of Woe
rCold   x . .      Faith    .    (shield currently unavailable)
rNeg    . . .      Spirit   .    a - +0 leather armour
rPois   ∞          Reflect  .    (no helmet)
rElec   .          Harm     .    (no cloak)
rCorr   .          Rampage  .    (no gloves)
Will    ++...      NoTele   +    (boots unavailable)
Stlth   ++++++++++               (no amulet)
HPRegen 0.54/turn                (no ring)
MPRegen 0.00/turn                (no ring)

@: flying
A: sickness immunity, fire resistance 2, cold vulnerability 1, float, innate
caster, HP casting, extra vitality 1
a: Renounce Religion, Minor Destruction, Lesser Servant of Makhleb, Major
Destruction, Greater Servant of Makhleb


You were in the Dungeon.
You worshipped Makhleb.
Makhleb was exalted by your worship.
You visited 1 branch

Inventory:

Hand Weapons
 h - the +∞ Axe of Woe (weapon)
   (You found it in the Dungeon)
Missiles
 c - 7 boomerangs of dispersal (quivered)
Armour
 a - a +0 leather armour (worn)
Scrolls
 b - 2 scrolls of blinking
Potions
 d - a potion of curing
 e - a potion of heal wounds
 f - a potion of haste
 g - a potion of berserk rage


   Skills:
 O Level 27 Fighting
 + Level 25.3(27) Short Blades
 + Level 25.3(27) Long Blades
 O Level 27 Axes
 O Level 27 Maces & Flails
 O Level 27 Polearms
 O Level 27 Staves
 + Level 23.5 Ranged Weapons
 O Level 27 Throwing
 O Level 27 Armour
 O Level 27 Dodging
 O Level 27 Stealth
 O Level 27 Shields
 O Level 27 Unarmed Combat
 O Level 27 Spellcasting
 O Level 27 Invocations
 O Level 27 Evocations


You knew the following spells:

 Your Spells              Type           Power      Damage    Failure   Level
a - Blink                 Tloc           100%       N/A       0%          2
b - Lesser Beckoning      Tloc           100%       N/A       0%          2
c - Vhi's Electric Charg  Tloc/Air       100%       N/A       0%          3
d - Teleport Other        Tloc           91%        N/A       0%          3
e - Manifold Assault      Tloc           91%        N/A       0%          4
f - Sting                 Tmut/Pois      100%       1d8       0%          1
g - Passwall              Tmut/Erth      75%        N/A       0%          2
h - Inner Flame           Hex/Fire       91%        N/A       0%          3
i - Petrify               Tmut/Erth      91%        N/A       0%          4
j - Summon Lightning Spi  Summ/Air       91%        N/A       0%          4
k - Lightning Bolt        Conj/Air       45%        1d65      0%          5
l - Summon Cactus Giant   Summ           45%        N/A       0%          6
m - Conjure Ball Lightni  Conj/Air       45%        3x3d16    0%          6
n - Statue Form           Tmut/Erth      60%        N/A       0%          6
o - Borgnjor's Revivific  Necr           45%        N/A       1%          8
p - Malign Gateway        Summ/Tloc      45%        N/A       1%          7
q - Necromutation         Tmut/Necr      45%        N/A       1%          8
r - Shatter               Erth           45%        3d35*     2%          9
Your spell library was empty.

Dungeon Overview and Level Annotations

Branches:
Dungeon (1/1)

Altars:
Makhleb


Innate Abilities, Weirdness & Mutations

You are immune to sickness and miasma.
You are immune to poison.
Your flesh is very heat resistant. (rF++)
You are vulnerable to cold. (rC-)
You float through the air rather than walking.
You learn spells naturally, not from books.
Your magical power is your life essence.
You have superior vitality. (+4 MHP)


Message History

You destroy the large abomination!
The large abomination disappears in a puff of smoke!
You hear a shout!
A meat berserker comes into view. It is wielding a +9 battleaxe.
You hear a shout! x2
The meat beast screams, "Scamper away whilst thou may!"
You hear a shout!
A meat beast comes into view.
You hear a shout!
An accursed comes into view.
You feel something staring at you.
A fireball appears from out of thin air!
The fireball explodes!
Deactivating autopickup; reactivate with Ctrl-A.
The fireball engulfs you!! You resist.
An eight-headed meat hydra comes into view.
You hear a shout! x3; You feel something staring at you.
Something smites you!
You hear a shout!
You hear a roar!
Your base Short Blades skill increases to level 25!
Your base Long Blades skill increases to level 25!
Your Ranged Weapons skill increases to level 23!
You have mastered Shields!
You have mastered Evocations!
A bag of meat comes into view. It is wielding a +9 war axe.
Unknown command.
You hear a shout! x2
The meat beast bites you. The meat beast closely misses you.
You hear a shout!
The eight-headed meat hydra calls on the powers of darkness!
The eight-headed meat hydra convulses! x2; The meat berserker convulses!
Your body is wracked with pain!
You hear a shout! x2
The eight-headed meat hydra calls on the powers of darkness!
The eight-headed meat hydra convulses! x2; The meat berserker convulses!
Something is bathed in an unholy light!
The large bag of meat convulses!
Flame seeps out of the large bag of meat.
Your body is wracked with pain!
* * * LOW HITPOINT WARNING * * *
The meat berserker hits you with a +9 battleaxe!!!
You die...
Mz....

.. ..... #M o...#
#O. ...# D.
.###Do ...###.D.
.....o###........
..O..L_..O2.....
#o.2zO# #_.<@§#
#..)§O#
......_...V.
......###.....L
.###.. ...###o.
#.. ...# X #.
W..# .. .....


You could see 2 meat beasts, a tyrant (fast), 3 eight-headed meat hydras, a
destroyer, a sculptor of flesh, a large bag of meat (inner flame), a large
abomination (summoned), 4 meat berserkers and 4 bags of meat.

Vanquished Creatures
  3 hell beasts (D)
  A royal mummy (D)
  A great orb of eyes (D)
  4 vampire knights (D)
  24 ogres (D)
  2 two-headed ogres (D)
  3 liches (D)
  2 phantoms (D)
  32 orcs (D)
  2 skeletal warriors (D)
74 creatures vanquished.

Notes
Turn   | Place    | Note
-------+----------+-------------------------------------------
     0 | D        | Found the +∞ Axe of Woe
     0 | D        | BigDaddyOpFi the Djinni Warper began the quest for the Orb.
     0 | D        | BigDaddyOpFi set off with the following spells memorised:
                  | Blink, Lesser Beckoning, Vhi's Electric Charge, Teleport
                  | Other, Manifold Assault.
     0 | D        | Reached XP level 1. HP: 18/18 MP: 0/0
     1 | D        | Noticed a bag of meat
     2 | D        | Noticed a bag of meat
     2 | D        | Noticed a bag of meat
     3 | D        | Became a worshipper of Makhleb the Destroyer
     4 | D        | Noticed a meat berserker
     5 | D        | Noticed a bag of meat
     6 | D        | Killed a bag of meat
     7 | D        | Reached skill level 10 in Armour
     7 | D        | Reached XP level 2. HP: 37/37 MP: 0/0
     7 | D        | Reached XP level 3. HP: 42/42 MP: 0/0
     7 | D        | Learned a level 1 spell: Sting
     7 | D        | Reached XP level 4. HP: 49/49 MP: 0/0
     7 | D        | Reached XP level 5. HP: 53/53 MP: 0/0
     7 | D        | Learned a level 2 spell: Passwall
     7 | D        | Reached XP level 6. HP: 59/59 MP: 0/0
     7 | D        | Reached XP level 7. HP: 65/65 MP: 0/0
     7 | D        | Learned a level 3 spell: Inner Flame
     7 | D        | Reached XP level 8. HP: 71/71 MP: 0/0
     7 | D        | Reached XP level 9. HP: 76/76 MP: 0/0
     7 | D        | Learned a level 4 spell: Petrify
     7 | D        | Reached XP level 10. HP: 82/82 MP: 0/0
     7 | D        | Reached XP level 11. HP: 87/87 MP: 0/0
     7 | D        | Learned a level 4 spell: Summon Lightning Spire
     8 | D        | Killed a bag of meat
     8 | D        | Reached * piety under Makhleb
     8 | D        | Killed a meat berserker
     8 | D        | Noticed a bag of meat
     8 | D        | Noticed a bag of meat
     8 | D        | Noticed a meat berserker
     9 | D        | Reached XP level 12. HP: 94/94 MP: 0/0
     9 | D        | Reached XP level 13. HP: 99/99 MP: 0/0
     9 | D        | Learned a level 5 spell: Lightning Bolt
     9 | D        | Killed a meat berserker
     9 | D        | Noticed a meat berserker
     9 | D        | Noticed a bag of meat
    10 | D        | Reached XP level 14. HP: 69/105 MP: 0/0
    10 | D        | Killed a bag of meat
    10 | D        | Reached ** piety under Makhleb
    10 | D        | Killed a bag of meat
    10 | D        | Noticed a bag of meat
    10 | D        | Noticed a bag of meat
    10 | D        | Noticed a bag of meat
    10 | D        | Noticed a bag of meat
    11 | D        | Reached XP level 15. HP: 73/110 MP: 0/0
    11 | D        | Learned a level 6 spell: Summon Cactus Giant
    11 | D        | Reached *** piety under Makhleb
    12 | D        | Reached skill level 27 in Dodging
    13 | D        | Reached skill level 27 in Invocations
    13 | D        | Killed a meat berserker
    13 | D        | Reached **** piety under Makhleb
    13 | D        | Noticed a meat berserker
    14 | D        | Reached XP level 16. HP: 101/116 MP: 0/0
    15 | D        | Reached XP level 17. HP: 121/121 MP: 0/0
    15 | D        | Learned a level 6 spell: Conjure Ball Lightning
    15 | D        | Noticed a destroyer
    16 | D        | Killed a meat berserker
    16 | D        | Reached ***** piety under Makhleb
    18 | D        | Noticed a meat berserker
    19 | D        | Reached skill level 27 in Axes
    19 | D        | Reached XP level 18. HP: 128/128 MP: 0/0
    20 | D        | Noticed a meat berserker
    20 | D        | Killed a destroyer
    21 | D        | Noticed a large bag of meat
    22 | D        | Killed a meat berserker
    22 | D        | Reached ****** piety under Makhleb
    22 | D        | Noticed a meat berserker
    23 | D        | Reached skill level 27 in Armour
    23 | D        | Reached XP level 19. HP: 152/152 MP: 0/0
    23 | D        | Learned a level 6 spell: Statue Form
    23 | D        | Noticed a meat berserker
    24 | D        | Killed a meat berserker
    24 | D        | Noticed a destroyer
    27 | D        | Noticed a sculptor of flesh
    28 | D        | Killed a destroyer
    28 | D        | Killed a meat berserker
    29 | D        | Reached skill level 27 in Fighting
    29 | D        | Reached XP level 20. HP: 181/181 MP: 0/0
    29 | D        | Killed a meat berserker
    30 | D        | Killed a large bag of meat
    31 | D        | Reached XP level 21. HP: 177/187 MP: 0/0
    31 | D        | Learned a level 8 spell: Borgnjor's Revivification
    32 | D        | Noticed a large bag of meat
    34 | D        | Reached skill level 27 in Spellcasting
    39 | D        | Killed a large bag of meat
    40 | D        | Noticed a meat berserker
    45 | D        | Killed a meat berserker
    46 | D        | Reached XP level 22. HP: 194/194 MP: 0/0
    64 | D        | Noticed a meat berserker
    66 | D        | Noticed a meat berserker
    68 | D        | Noticed a meat berserker
    69 | D        | Killed a meat berserker
    69 | D        | Noticed a tyrant
    70 | D        | Reached skill level 27 in Stealth
    70 | D        | Reached skill level 15 in Throwing
    71 | D        | Killed a meat berserker
    72 | D        | Noticed an accursed
    72 | D        | Noticed a tyrant
    73 | D        | Noticed a meat berserker
    74 | D        | Killed a meat berserker
    74 | D        | Noticed a meat berserker
    78 | D        | Killed a tyrant
    78 | D        | Noticed a meat berserker
    79 | D        | Reached XP level 23. HP: 181/181 MP: 0/0
    79 | D        | Learned a level 7 spell: Malign Gateway
    80 | D        | Reached skill level 27 in Throwing
    80 | D        | Killed a tyrant
    83 | D        | Reached skill level 27 in Unarmed Combat
    84 | D        | Reached XP level 24. HP: 188/188 MP: 0/0
    84 | D        | Noticed a meat beast
    86 | D        | Noticed a dread
    86 | D        | Noticed a tyrant
    87 | D        | Killed an accursed
    87 | D        | Noticed a meat beast
    87 | D        | Noticed a large bag of meat
    88 | D        | Reached skill level 27 in Maces & Flails
    89 | D        | Reached XP level 25. HP: 176/194 MP: 0/0
    89 | D        | Learned a level 8 spell: Necromutation
    89 | D        | Noticed an accursed
    89 | D        | Noticed a destroyer
    89 | D        | Noticed a destroyer
    89 | D        | Noticed a large bag of meat
    89 | D        | Noticed a tyrant
    90 | D        | Killed a meat beast
    91 | D        | Noticed a meat beast
    91 | D        | Killed a tyrant
    92 | D        | Reached skill level 27 in Polearms
    92 | D        | Reached skill level 27 in Staves
    92 | D        | Reached XP level 26. HP: 202/202 MP: 0/0
    92 | D        | Killed a destroyer
    92 | D        | Noticed a meat beast
    92 | D        | Noticed a destroyer
    93 | D        | Reached skill level 10 in Shields
    93 | D        | Reached skill level 10 in Evocations
    94 | D        | Reached skill level 10 in Ranged Weapons
    95 | D        | Reached skill level 15 in Short Blades
    95 | D        | Reached skill level 15 in Long Blades
    95 | D        | Reached XP level 27. HP: 208/208 MP: 0/0
    95 | D        | Learned a level 9 spell: Shatter
    95 | D        | Killed a meat beast
    96 | D        | Noticed a tyrant
    96 | D        | Killed a meat beast
    96 | D        | Noticed an accursed
    97 | D        | Killed a destroyer
    98 | D        | Noticed a meat beast
    98 | D        | Noticed an accursed
    99 | D        | Reached skill level 27 in Shields
    99 | D        | Reached skill level 27 in Evocations
    99 | D        | Mangled by a meat berserker

Illustrated notes

Levels and vault maps discovered:
D:        meatsprint

Skill      XL: |  1  2  3  4  5  6  7  8  9 10 11 12 13 14 15 16 17 18 19 20 21 22 23 24 25 26 27 |
---------------+----------------------------------------------------------------------------------+-----
Fighting       | 11 18 27 | 27.0
Throwing       | 9 26 27 | 27.0
Armour         | 10 12 14 27 | 27.0
Dodging        | 12 21 24 26 27 | 27.0
Unarmed Combat | 11 27 | 27.0
Spellcasting   | 8 19 25 27 | 27.0
Invocations    | 16 20 22 27 | 27.0
Axes           | 17 19 27 | 27.0
Stealth        | 24 27 | 27.0
Maces & Flails | 17 27 | 27.0
Polearms       | 12 27 | 27.0
Staves         | 13 27 | 27.0
Short Blades   | 15 25 | 25.3
Long Blades    | 15 25 | 25.3
Ranged Weapons | 13 23 | 23.5
Shields        | 16 27 | 27.0
Evocations     | 16 27 | 27.0

Action                     |  1- 3 |  4- 6 |  7- 9 | 10-12 | 13-15 | 16-18 | 19-21 | 22-24 | 25-27 || total
---------------------------+-------+-------+-------+-------+-------+-------+-------+-------+-------++-------
  Melee: Executioner's axe |     1 |       |       |     1 |     5 |     7 |    10 |    14 |     9 ||    47
   Cast: Borgnjor's Revivi |       |       |       |       |       |       |       |     2 |       ||     2
 Armour: Leather armour    |       |       |       |       |       |       |       |       |     1 ||     1
  Dodge: Dodged            |       |       |       |       |     1 |       |       |       |     2 ||     3

Table legend: (Time is in decaauts)
 A = Elapsed time spent in this place.
 B = Non-inter-level travel time spent in this place.
 C = Inter-level travel time spent in this place.
 D = Time resting spent in this place.
 E = Time spent auto-exploring this place.
 F = Levels seen in this place.
 G = Mean time per level.
                   A        B        C        D        E       F      G
               +--------+--------+--------+--------+--------+-----+--------+
         Total |     93 |     93 |      0 |      0 |      0 |   1 |   93.0 |
       Dungeon |     93 |     93 |      0 |      0 |      0 |   1 |   93.0 |
               +--------+--------+--------+--------+--------+-----+--------+

Top non-repeatable levels by time:
       D: 93 daAuts
